Map: Orbital Shipyard

Players

MCanning - Winner!

  • Race: Protoss Protoss
  • League: Grandmaster

shockerkey

  • Race: Zerg Zerg
  • League: Master

VOD

Have the link to the VOD?

Description

Time

  • Played on: March 28, 2016, 1:22 a.m.
  • Length: 11:46
Show
View Real Time Build Order
Export as new Build Order

MCanning Protoss - Winner!

Build Orders: 1 Gate Expand, Oracle Opening, Zealot Archon 

Get SALT Encoding   

  12  0:01  Probe (Chrono Boost)  
  13  0:11  Probe (Chrono Boost)  
  14  0:19  Pylon  
  14  0:22  Probe (Chrono Boost)  
  15  0:37  Probe (Chrono Boost)  
  16  0:43  Gateway  
  16  0:47  Probe (Chrono Boost)  
  17  0:54  Assimilator  
  17  0:58  Probe (Chrono Boost)  
  18  1:08  Probe (Chrono Boost)  
  19  1:19  Nexus  
  19  1:30  Cybernetics Core  
  19  1:37  Probe (Chrono Boost)  
  19  1:38  Assimilator  
  20  1:48  Probe (Chrono Boost)  
  20  1:50  Pylon  
  21  1:59  Probe (Chrono Boost)  
  22  2:09  Probe (Chrono Boost)  
  22  2:10  Zealot  
  22  2:11  Warp Gate  
  25  2:20  Probe (Chrono Boost)  
  26  2:31  Mothership Core (Chrono Boost)  
  26  2:33  Probe (Chrono Boost)  
  29  2:43  Probe (Chrono Boost)  
  30  2:44  Stargate  
  30  2:49  Probe (Chrono Boost)  
  31  2:54  Stalker  
  31  2:56  Probe (Chrono Boost)  
  34  2:59  Probe (Chrono Boost)  
  35  3:07  Probe (Chrono Boost)  
  35  3:10  Probe (Chrono Boost)  
  37  3:17  Probe (Chrono Boost)  
  38  3:20  Probe (Chrono Boost)  
  38  3:24  Nexus  
  39  3:30  Pylon  
  39  3:34  Oracle (Chrono Boost)  
  39  3:37  Probe  
  39  3:39  Probe  
  44  3:49  Probe  
  44  3:50  Probe  
  44  3:54  Pylon  
  46  4:00  Probe  
  46  4:01  Probe  
  48  4:06  Phoenix (Chrono Boost)  
  50  4:13  Probe x2 (Chrono Boost), Gateway  
  50  4:14  Gateway  
  52  4:21  Pylon, Sentry  
  55  4:24  Probe x2 (Chrono Boost)  
  55  4:30  Assimilator  
  56  4:34  Assimilator  
  56  4:35  Probe x2 (Chrono Boost)  
  58  4:44  Probe (Chrono Boost)  
  58  4:45  Probe x2 (Chrono Boost)  
  61  4:51  Robotics Facility  
  61  4:53  Robotics Facility  
  61  4:54  Probe (Chrono Boost)  
  61  4:56  Probe x2 (Chrono Boost)  
  64  5:05  Probe (Chrono Boost)  
  64  5:06  Probe x2 (Chrono Boost)  
  67  5:08  Forge  
  67  5:12  Pylon  
  67  5:15  Probe (Chrono Boost)  
  67  5:17  Probe x2 (Chrono Boost)  
  70  5:26  Probe (Chrono Boost)  
  70  5:27  Probe (Chrono Boost)  
  70  5:28  Probe (Chrono Boost)  
  73  5:29  Twilight Council  
  73  5:31  Pylon, Sentry  
  73  5:32  Pylon  
  73  5:34  Protoss Ground Weapons Level 1 (Chrono Boost)  
  75  5:36  Probe (Chrono Boost)  
  75  5:37  Observer (Chrono Boost)  
  75  5:38  Probe x2 (Chrono Boost)  
  75  5:39  Observer (Chrono Boost)  
  80  5:46  Assimilator  
  80  5:48  Probe  
  80  5:49  Probe  
  82  5:51  Assimilator  
  82  5:52  Pylon, Immortal  
  82  5:56  Immortal (Chrono Boost)  
  90  6:13  Probe  
  91  6:23  Gateway  
  91  6:24  Gateway  
  91  6:25  Charge (Chrono Boost)  
  91  6:26  Gateway  
  91  6:28  Gateway  
  91  6:32  Immortal (Chrono Boost)  
  95  6:33  Gateway  
  95  6:35  Immortal (Chrono Boost)  
  95  6:37  Pylon  
  95  6:39  Zealot x3  
  105  6:45  Templar Archives  
  105  6:52  Photon Cannon  
  105  6:59  Pylon  
  105  7:07  Immortal (Chrono Boost)  
  109  7:09  Zealot x3  
  109  7:10  Immortal (Chrono Boost)  
  119  7:24  Nexus  
  119  7:25  High Templar x3  
  119  7:26  Pylon  
  119  7:28  Gateway  
  125  7:31  Photon Cannon  
  122  7:37  Probe  
  122  7:38  Archon, High Templar  
  122  7:40  Zealot  
  122  7:41  Zealot x3  
  122  7:43  Archon  
  131  7:45  Probe  
  131  7:48  Immortal (Chrono Boost)  
  131  7:49  Probe  
  137  7:54  Photon Cannon  
  137  8:00  Pylon  
  137  8:01  Oracle  
  140  8:08  Pylon  
  140  8:10  Pylon, Protoss Ground Weapons Level 2  
  140  8:12  Pylon  
  138  8:16  Zealot x2  
  138  8:17  Zealot x2  
  140  8:28  Fleet Beacon  
  140  8:30  Stargate  
  140  8:32  Pylon  
  140  8:35  Zealot x2  
  140  8:36  Zealot x2  
  148  8:42  Zealot x2  
  152  8:55  Zealot x4  
  158  8:56  Zealot x3  
  158  9:00  Probe  
  158  9:17  Probe  
  153  9:20  Tempest x2 (Chrono Boost)  
  153  9:22  High Templar x3  
  153  9:23  High Templar  
  157  9:28  Archon  
  157  9:29  Archon, Zealot  
  155  9:31  Probe  
  155  9:32  Probe  
  155  9:35  Zealot  
  155  9:37  Photon Cannon, Zealot  
  161  9:40  High Templar x2  
  163  9:47  Archon  
  163  9:50  Zealot  
  163  9:55  Zealot x5  
  173  10:06  Zealot  
  155  10:11  Immortal  
  155  10:13  Zealot x3  
  131  10:21  Zealot x4  
  131  10:22  Zealot  
  131  10:23  Probe  
  131  10:26  Tempest x2 (Chrono Boost)  
  150  10:31  Assimilator, High Templar  
  152  10:35  High Templar  
  152  10:36  Zealot x2, Assimilator  
  152  10:39  Probe  
  152  10:40  Archon  
  152  10:42  Zealot x5  
  169  11:00  Pylon  
  169  11:02  Zealot x4  
  169  11:03  Zealot x3  
  169  11:04  Zealot  
  185  11:09  Warp Prism, Observer  
  196  11:33  Zealot x2  
Show
View Real Time Build Order
Export as new Build Order

shockerkey Zerg 

Build Orders: 3 Hatch before Pool, Lurkers 

Get SALT Encoding   

  12  0:02  Drone  
  13  0:12  Overlord  
  13  0:20  Drone  
  14  0:31  Drone x2  
  16  0:53  Drone  
  16  0:55  Hatchery  
  16  0:56  Drone  
  17  1:19  Hatchery  
  17  1:21  Drone  
  17  1:34  Extractor  
  17  1:37  Spawning Pool  
  17  1:39  Drone  
  16  1:42  Drone  
  17  2:04  Drone  
  17  2:05  Drone, Overlord  
  19  2:10  Drone  
  20  2:17  Drone  
  21  2:25  Queen  
  21  2:26  Queen  
  25  2:33  Drone  
  25  2:35  Zergling x2  
  27  2:39  Metabolic Boost  
  27  2:44  Drone  
  27  2:45  Drone  
  27  2:49  Zergling x2  
  30  2:58  Queen  
  30  2:59  Drone  
  30  3:04  Evolution Chamber  
  32  3:06  Drone  
  32  3:08  Zergling x2  
  34  3:13  Drone x2  
  34  3:18  Drone x2  
  38  3:23  Overlord  
  38  3:28  Drone x2  
  40  3:35  Drone x2  
  40  3:38  Zerg Melee Weapons Level 1  
  42  3:43  Queen  
  42  3:48  Zergling x4  
  45  3:53  Drone  
  45  3:55  Lair  
  47  3:56  Drone  
  47  3:58  Drone  
  49  4:03  Zergling x2  
  49  4:05  Overlord  
  50  4:11  Overlord  
  50  4:21  Drone  
  48  4:27  Drone x4  
  48  4:28  Drone x5  
  57  4:33  Drone  
  57  4:36  Extractor  
  52  4:42  Drone x4  
  52  4:43  Drone  
  56  4:48  Drone x2, Roach Warren  
  56  4:50  Evolution Chamber  
  56  4:55  Drone x3  
  56  4:58  Hydralisk Den  
  58  5:03  Drone  
  59  5:10  Overlord x2  
  59  5:15  Extractor  
  59  5:16  Extractor  
  59  5:21  Zerg Missile Weapons Level 1  
  57  5:26  Drone  
  58  5:30  Hatchery  
  58  5:31  Overlord x2  
  58  5:35  Drone  
  58  5:36  Drone x7  
  58  5:37  Drone x2  
  58  5:40  Zerg Ground Armor Level 1  
  67  5:44  Drone  
  67  5:46  Extractor  
  67  5:47  Drone x2, Extractor  
  67  5:48  Drone  
  69  5:50  Hydralisk  
  69  5:53  Hydralisk  
  69  6:12  Drone x2  
  69  6:13  Drone, Hydralisk x5  
  82  6:19  Overlord  
  82  6:23  Spore Crawler  
  82  6:25  Drone x2  
  83  6:29  Lurker Den  
  83  6:31  Drone x3  
  86  6:36  Drone  
  86  6:37  Roach x2  
  86  6:38  Roach  
  93  6:40  Overlord  
  93  6:42  Drone  
  93  6:45  Drone  
  95  6:53  Drone  
  96  6:55  Drone  
  96  6:56  Drone x2  
  96  6:57  Roach x2  
  96  6:59  Overlord  
  103  7:01  Pneumatized Carapace  
  103  7:03  Overseer  
  103  7:05  Glial Reconstitution  
  103  7:08  Drone  
  102  7:09  Drone x5  
  102  7:10  Drone x2  
  109  7:16  Spore Crawler  
  109  7:19  Spore Crawler  
  109  7:20  Drone  
  108  7:23  Ravager x4  
  108  7:25  Hydralisk x2  
  108  7:26  Hydralisk  
  118  7:30  Drone, Spore Crawler  
  118  7:32  Infestation Pit, Zerg Missile Weapons Level 2  
  118  7:36  Drone x4  
  120  7:43  Overlord x3  
  118  8:04  Hydralisk  
  119  8:06  Roach  
  119  8:07  Roach x11  
  119  8:08  Overlord  
  119  8:09  Overlord  
  137  8:15  Hydralisk x4  
  137  8:16  Hydralisk x2  
  127  8:26  Lurker x2  
  129  8:28  Zergling x2  
  129  8:29  Zergling x18  
  129  8:32  Extractor  
  129  8:33  Extractor  
  137  8:35  Lurker  
  137  8:38  Roach x3  
  137  8:39  Roach, Zergling x4  
  148  8:41  Roach  
  151  8:48  Drone x2  
  151  8:49  Spine Crawler  
  151  8:50  Spine Crawler  
  151  8:52  Overseer, Spine Crawler  
  151  8:53  Spore Crawler, Hydralisk  
  150  8:57  Roach x2  
  150  9:01  Roach x3  
  156  9:21  Spire, Hive  
  156  9:22  Muscular Augments  
  155  9:25  Overlord x3  
  155  9:30  Hatchery  
  154  9:36  Overlord  
  154  9:37  Overlord x2  
  154  9:49  Spine Crawler  
  154  9:50  Spine Crawler  
  154  9:52  Spore Crawler  
  149  9:56  Ravager x5  
  149  9:57  Lurker x2, Ravager  
  149  9:59  Roach, Zergling x10  
  146  10:11  Hydralisk x4  
  115  10:20  Drone x6  
  115  10:21  Drone x4  
  97  10:23  Hydralisk  
  97  10:27  Ravager  
  101  10:29  Hydralisk  
  101  10:34  Viper  
  106  10:41  Hydralisk x3  
  112  10:43  Zergling x4  
  112  10:44  Zergling x4  
  112  10:46  Drone  
  117  10:54  Lurker x2  
  117  10:56  Drone x3, Spine Crawler  
  121  10:57  Spine Crawler  
  120  11:08  Lurker  
  120  11:11  Roach x3  
  127  11:12  Roach  
  127  11:14  Overseer  
  127  11:16  Hatchery  
  122  11:26  Roach  
  122  11:27  Roach x6  
Tags
 
Add a new tag
Caveats
  • Supply blocks, unpowered buildings, or Contaminate may cause inaccurate times.
  • Supply counts are checked every 10 seconds.